 Dungeon Crawl Stone Soup version 0.31-a0-876-gfe8ebadbca (webtiles) character file.

Game seed: 6583567586742347768

49 LeprechaunX the Changeling (level 3, 0/24 HPs)
             Began as an Octopode Shapeshifter on Oct 13, 2023.
             Slain by an orc
             ... wielding a +0 falchion
              (8 damage)
             ... on level 3 of the Dungeon.
             The game lasted 00:01:31 (1495 turns).

LeprechaunX the Changeling (Octopode Shapeshifter)  Turns: 1495, Time: 00:01:31

Health: 0/24       AC:  1    Str: 15    XL:     3   Next: 75%
Magic:  3/3        EV: 13    Int: 12    God:
Gold:   73         SH:  0    Dex: 11    Spells: 2/2 levels left

rFire   . .          .
                       - Unarmed
rCold   . . .        (no shield)
rNeg    . . .        (helmet currently unavailable)
rPois   .            (no amulet)
rElec   .            (no ring)
rCorr   .            (no ring)
SInv    .            (no ring)
Will    .....        (no ring)
Stlth   ++           (no ring)
HPRegen 0.24/turn    (no ring)
MPRegen 0.08/turn    (no ring)
                     (no ring)

%: no passive effects
@: beast-form
A: beast (slay +2), almost no armour, amphibious, 8 rings, camouflage 1,
gelatinous body 1, (nimble swimmer 1), tentacles
a: Begin Untransformation


You were on level 3 of the Dungeon.
You were a hulking beast.
You visited 1 branch of the dungeon, and saw 3 of its levels.

You collected 73 gold pieces.

Inventory:

Missiles
 i - 5 atropa-tipped darts
Talismans
 b - a beast talisman (active)
 c - a flux talisman
Scrolls
 e - 2 scrolls of vulnerability {unknown}
 f - a scroll of poison {unknown}
 h - a scroll of brand weapon {unknown}
 j - 2 scrolls of teleportation {unknown}
 n - a scroll of fog {unknown}
Potions
 a - a potion of lignification
 d - a potion of cancellation {unknown}
 g - 3 potions of curing {unknown}
 k - a potion of berserk rage {unknown}
 l - a potion of resistance {unknown}
 m - a potion of enlightenment {unknown}


   Skills:
 + Level 1.7 Fighting
 + Level 2.5 Dodging
 + Level 3.3 Unarmed Combat
 * Level 3.5 Shapeshifting


You had 2 spell levels left.
You didn't know any spells.
Your spell library contained the following spells:

 Spells                   Type           Power      Damage    Failure   Level
 Gell's Gravitas          Tloc           0%         N/A       69%         3
 Teleport Other           Tloc           0%         N/A       69%         3
 Animate Dead             Necr           0%         N/A       97%         4
 Dispersal                Tloc           0%         N/A       100%        6
 Haunt                    Necr/Summ      0%         N/A       100%        7
 Infestation              Necr           0%         N/A       100%        8


Dungeon Overview and Level Annotations

Branches:
Dungeon (3/15)

Altars:

Shops:
D:2 *


Innate Abilities, Weirdness & Mutations

You are a hulking beast.
Your limbs bulge with bestial killing power. (Slay +2)
You cannot wear most types of armour.
You are amphibious.
You can wear up to eight rings at the same time.
Your skin changes colour to match your surroundings (Stealth+).
Your rubbery body absorbs attacks. (AC +1, EV +1)
((You are camouflaged when in or above water. (Stealth+)))
You have tentacles for arms and can constrict up to eight enemies at once.


Message History

Done exploring.
Done exploring.
Done exploring.
Search for what [Enter for "."]? .
There is a stone staircase leading down here.
You climb downwards.
There is a stone staircase leading up here.
An orc is nearby!
An orc is nearby!
An orc is nearby!
An orc comes into view. It is wielding a +2 vampiric whip.
The orc shouts!
You hear a shout! x2
An orc comes into view. It is wielding a +0 war axe.
The orc shouts!
The orc moves out of view.
An orc comes into view. It is wielding a +0 dagger.
You closely miss the orc.
The orc shouts!
Your grab misses the orc. You squeeze the orc!
You kill the orc!
The orc hits you with a +0 war axe!
Things that are here:
a +2 vampiric whip; a +0 leather armour You closely miss the orc.
Your grab misses the orc. The orc barely misses you.
You barely miss the orc. You grab the orc. You squeeze the orc!
You kill the orc!
The orc closely misses you. x2
You tentacle-slap the orc but do no damage.
You grab the orc. You squeeze the orc.
The orc is severely wounded.
You constrict the orc. The orc completely misses you.
The orc hits you with a +0 war axe.
You are too injured to fight recklessly!
You are too injured to fight recklessly!
You are too injured to fight recklessly!
You are too injured to fight recklessly!
You barely miss the orc. You grab the orc. You constrict the orc.
You constrict the orc, but do no damage.
The orc hits you with a +0 falchion!
You die...

####### ####
#...... .....
#...... ...
+...... ...
#.....)###.#####
#.....oh........
##+###o#.#######
#.#.......#
#.#.#..##.#.#
..#.#<.......
.##.######### .#
... . ###


You could see 2 orcs.

Vanquished Creatures
  A worm (D:2)
  3 dart slugs
  2 orcs (D:3)
  5 endoplasms
  4 goblins
  3 hobgoblins
  5 kobolds (D:1)
  A quokka (D:1)
  5 ball pythons
  2 bats
  2 frilled lizards (D:1)
  3 rats
36 creatures vanquished.

Notes
Turn   | Place    | Note
-------+----------+-------------------------------------------
     0 | D:1      | LeprechaunX the Octopode Shapeshifter began the quest for
                  | the Orb.
     0 | D:1      | Reached XP level 1. HP: 13/13 MP: 1/1
    16 | D:1      | Found a faded altar of an unknown god.
   149 | D:1      | Reached XP level 2. HP: 18/18 MP: 2/2
   761 | D:1      | Reached XP level 3. HP: 23/23 MP: 3/3
  1259 | D:2      | Found Fyzagouw's General Store.
  1495 | D:3      | Slain by an orc

Illustrated notes

Levels and vault maps discovered:
D:1:      tarquinn_simple_flora_water_c, layout_loops_corners,
          ebering_ecumenical_altar_webs, chequers_decorated_corner
D:2:      layout_rooms, serial_shops, nicolae_shop_advertising_works
          [nicolae_subvault_shop_adworks]
D:3:      layout_basic, nicolae_overflow_crystal_walls,
          nicolae_wu_jian_wuxing_cycle, amcnicky_mini_rare_corridor_liquid,
          minmay_misc_feat_pillars

Action                     || total
---------------------------++-------
  Melee: Unarmed           ||    58
         Tentacles         ||    13
         Constrict         ||    17
         Punch             ||     1
   Stab: Sleeping          ||    12
 Armour: Skin              ||    20
  Dodge: Dodged            ||    22

Table legend: (Time is in decaauts)
 A = Elapsed time spent in this place.
 B = Non-inter-level travel time spent in this place.
 C = Inter-level travel time spent in this place.
 D = Time resting spent in this place.
 E = Time spent auto-exploring this place.
 F = Levels seen in this place.
 G = Mean time per level.
                   A        B        C        D        E       F      G
               +--------+--------+--------+--------+--------+-----+--------+
         Total |   1491 |   1422 |     69 |      0 |   1198 |   3 |  497.0 |
       Dungeon |   1491 |   1422 |     69 |      0 |   1198 |   3 |  497.0 |
               +--------+--------+--------+--------+--------+-----+--------+

Top non-repeatable levels by time:
     D:1: 1033 daAuts
     D:2: 450 daAuts
     D:3: 8 daAuts
